AoeStats
← Chiripa605

Arena

508529975Analyzed
4v4 RM · 9d ago on Sep 22, 2026· 38m 41s· 8 players
Game mode
Random Map
Map size
Large (8 player)
Population
200
Speed
Normal
Resources
Standard
Victory
Conquest
Starting age
Dark Age
Ending age
Imperial Age
RankedLock teamsTeams togetherTeam positionsShared explorationLock speedFull tech treeHidden civsTurbo modeCheats
Victory
Defeat
🇨🇭 Random · Switzerland
1445
+10
🇹🇷 Celts · Türkiye
1405
+12
🇮🇹 Mapuche · Italy
1379
+13
🇺🇸 Muisca · United States
1362
+13
🇺🇸 Random · United States
1409
-15
🇺🇸 Random · United States
1357
-14
🇨🇦 Italians · Canada
1286
-11
🇺🇸 Random · United States
1188
-8
Chiripa605
10:28 Feudal Age
14:22 Castle Age
12:29 Double-Bit Axe
12:51 Horse Collar
16:09 Bow Saw
19:13 Heavy Plow
19:21 Squires
21:23 Scale Mail Armor
23:03 Chain Mail Armor
24:41 Wheelbarrow
23:52 Loom
24:08 Gold Mining
25:40 Hand Cart
26:34 Pikeman
27:30 Forging
31:15 Imperial Age
31:16 Elite Temple Guard
32:35 Plate Mail Armor
33:19 Iron Casting
34:13 Two-Man Saw
35:28 Conscription
35:54 Champi Runner
37:32 Gold Shaft Mining
zangoç
10:50 Feudal Age
14:29 Castle Age
12:17 Double-Bit Axe
12:20 Horse Collar
14:42 Wheelbarrow
15:35 Bow Saw
22:50 Gold Mining
23:04 Heavy Plow
23:26 Loom
23:49 Pikeman
27:20 Imperial Age
24:56 Scale Mail Armor
25:09 Forging
26:09 Gold Shaft Mining
25:54 Chain Mail Armor
27:32 Iron Casting
26:56 Man-at-Arms
27:24 Arson
27:35 Capped Ram
27:37 Long Swordsman
28:50 Plate Mail Armor
28:44 Two-Handed Swordsman
30:30 Blast Furnace
29:55 Siege Ram
31:26 Champion
33:21 Halberdier
35:46 Stone Mining
[PSCH] wolverito
11:20 Feudal Age
12:31 Double-Bit Axe
15:12 Castle Age
13:08 Horse Collar
13:50 Fletching
16:15 Bow Saw
16:18 Bodkin Arrow
16:30 Loom
29:24 Wheelbarrow
36:13 Imperial Age
35:10 Bloodlines
35:01 Husbandry
35:57 Hand Cart
35:48 Padded Archer Armor
36:29 Elite Jarl
36:38 Cranequins
37:43 Leather Archer Armor
37:33 Scale Barding Armor
37:49 Leather Archer Armor
38:24 Ballistics
38:21 Forging
Wendysocute
10:37 Feudal Age
11:45 Double-Bit Axe
12:02 Horse Collar
14:27 Castle Age
15:36 Bow Saw
16:57 Wheelbarrow
19:12 Heavy Plow
20:05 Gold Mining
22:44 Gold Shaft Mining
22:45 Hand Cart
23:11 Stone Mining
25:13 Loom
28:00 Imperial Age
25:42 Treadmill Crane
26:59 Stone Shaft Mining
26:37 Padded Archer Armor
26:27 Fletching
27:06 Malon
27:31 Ballistics
28:07 Bodkin Arrow
28:28 Leather Archer Armor
29:10 Crop Rotation
28:49 Butalmapu
29:05 Conscription
30:09 Chemistry
28:40 Elite Bolas Rider
30:10 Town Watch
31:08 Ring Archer Armor
33:27 Town Patrol
34:38 Siege Engineers
Shawn96
10:46 Feudal Age
12:04 Double-Bit Axe
14:50 Castle Age
13:43 Horse Collar
15:53 Bow Saw
18:09 Wheelbarrow
18:45 Gold Mining
19:13 Loom
19:24 Stone Mining
19:45 Heavy Plow
25:48 Hand Cart
28:12 Imperial Age
27:14 Town Watch
27:23 Fletching
27:34 Padded Archer Armor
28:23 Bodkin Arrow
29:25 Leather Archer Armor
29:57 Bracer
30:59 Chemistry
30:10 Masonry
30:57 Ring Archer Armor
31:23 Conscription
32:40 Two-Man Saw
32:27 Thumb Ring
32:29 Elite Skirmisher
35:07 Stone Shaft Mining
35:23 Silk Road
35:53 Scale Mail Armor
36:04 Forging
36:50 Ballistics
36:11 Treadmill Crane
37:02 Architecture
38:34 Chain Mail Armor
R00FT0P CG
9:44 Feudal Age
13:49 Castle Age
12:12 Double-Bit Axe
12:50 Horse Collar
15:39 Bow Saw
17:21 Loom
22:45 Scale Mail Armor
23:41 Wheelbarrow
23:40 Squires
24:25 Chain Mail Armor
25:01 Gold Mining
25:02 Stone Mining
26:39 Forging
26:21 Gambesons
28:25 Heavy Plow
31:10 Imperial Age
29:24 Fletching
29:34 Padded Archer Armor
29:19 Pikeman
33:49 Bodkin Arrow
35:30 Elite Varangian Guard
TIGER35397
9:51 Feudal Age
13:48 Castle Age
12:05 Double-Bit Axe
12:32 Horse Collar
15:01 Bow Saw
16:01 Loom
19:42 Wheelbarrow
20:47 Heavy Plow
21:05 Gold Mining
22:41 Scale Barding Armor
22:46 Forging
23:24 Bloodlines
23:17 Husbandry
24:39 Chain Barding Armor
27:32 Iron Casting
30:32 Hand Cart
35:35 Imperial Age
33:46 Vendel Legacy
35:38 Cavalier
36:58 Plate Barding Armor
37:49 Blast Furnace
Tops 7793
11:20 Feudal Age
15:18 Castle Age
13:15 Double-Bit Axe
13:37 Horse Collar
14:24 Gold Mining
17:47 Scale Mail Armor
21:58 Gambesons
22:27 Arson
22:56 Forging
26:54 Wheelbarrow
27:08 Squires
28:39 Gold Shaft Mining
29:11 Iron Casting
28:52 Chain Mail Armor
28:17 Elite Skirmisher
29:33 Fletching
29:43 Padded Archer Armor
30:28 Thumb Ring
31:25 Bodkin Arrow
34:28 Pikeman
Connection lost

Rejoining the realm…

Still unreachable

The connection could not be restored.

Session expired

The server has moved on; the page needs a fresh start.